[Event "Titled Tuesday Blitz December 13 Late 2022"]
[White "Vargas, Mauricio"]
[Black "Bulgurlu, Okan"]
[WhiteFideId "4404572"]
[BlackFideId "6352316"]
[WhiteElo "2025"]
[BlackElo "2220"]
[Result "0-1"]
[Round "05"]
[TimeControl "180+1"]
[Date "2022.12.14"]
[WhiteClock "0:00:01"]
[BlackClock "0:00:18"]

1. e4 c5 2. Nc3 Nc6 3. f4 e6 4. Nf3 g6 5. Bb5 Bg7 6. O-O Nge7 7. d3 O-O 8. Ne2 Nd4 9. Ba4 a6 10. c3 Nxf3+ 11. Rxf3 b5 12. Bb3 Bb7 13. Rh3 d5 14. e5 f6 15. exf6 Rxf6 16. Qe1 Qb6 17. Kh1 Raf8 18. Qh4 h6 19. Bd2 c4 20. Bc2 e5 21. Rf3 cxd3 22. Bxd3 e4 23. Be3 Qe6 24. Nd4 Qc8 25. Re1 exf3 26. gxf3 Qb8 27. f5 g5 28. Qf2 Bc8 29. h4 Nxf5 30. hxg5 hxg5 31. Nc6 Rh6+ 32. Kg2 Qh2+ 33. Kf1 Ng3+ 0-1


[Site "https://www.chess.com"]

[Event "Titled Tuesday Blitz December 13 Late 2022"]
[White "Winterberg, Lukas"]
[Black "Boruchovsky, Avital"]
[WhiteFideId "24622702"]
[BlackFideId "2800055"]
[WhiteElo "2350"]
[BlackElo "2450"]
[Result "0-1"]
[Round "05"]
[TimeControl "180+1"]
[Date "2022.12.14"]
[WhiteClock "0:02:07"]
[BlackClock "0:02:27"]

1. d4 Nf6 2. Nf3 d6 3. c4 Nc6 4. Nc3 e5 5. dxe5 Nxe5 6. Nxe5 dxe5 7. Qxd8+ Kxd8 8. g3 c6 9. Bg5 Be6 10. O-O-O+ Kc7 11. e3 Ng4 12. Rd2 h6 13. f3 hxg5 14. fxg4 Bc5 15. Rd3 Rad8 16. Ne4 Rxd3 17. Bxd3 Bxe3+ 18. Kc2 Bxg4 0-1


[Site "https://www.chess.com"]

[Event "Titled Tuesday Blitz December 13 Late 2022"]
[White "Xiong, Jeffery"]
[Black "Erdogdu, Mert"]
[WhiteFideId "2047640"]
[BlackFideId "6301495"]
[WhiteElo "2726"]
[BlackElo "2408"]
[Result "1-0"]
[Round "05"]
[TimeControl "180+1"]
[Date "2022.12.13"]
[WhiteClock "0:01:02"]
[BlackClock "0:00:17"]

1. c4 e6 2. Nc3 d5 3. d4 c5 4. dxc5 d4 5. Na4 Bxc5 6. Nxc5 Qa5+ 7. Bd2 Qxc5 8. e3 e5 9. Nf3 Nc6 10. exd4 exd4 11. Bd3 Nge7 12. O-O O-O 13. Re1 Bf5 14. b4 Qd6 15. c5 Qd5 16. Qc2 a6 17. a4 Bxd3 18. Qxd3 Ng6 19. Qe4 Qc4 20. Rec1 Rae8 21. Qxe8 Qxc1+ 22. Rxc1 Rxe8 23. b5 axb5 24. axb5 Nce5 25. Nxd4 Nd3 26. Rc3 Nge5 27. f4 Ra8 28. Nb3 1-0


[Site "https://www.chess.com"]

[Event "Titled Tuesday Blitz December 13 Late 2022"]
[White "Yanchenko, Roman"]
[Black "Fernandez De La Vara, Arnaldo"]
[WhiteFideId "4137329"]
[BlackFideId "3518388"]
[WhiteElo "2491"]
[BlackElo "2387"]
[Result "0-1"]
[Round "05"]
[TimeControl "180+1"]
[Date "2022.12.13"]
[WhiteClock "0:01:00"]
[BlackClock "0:00:03"]

1. d4 c5 2. e3 Nf6 3. Nf3 d5 4. a3 cxd4 5. exd4 Nc6 6. c4 g6 7. h3 Bg7 8. Nc3 O-O 9. Be3 b6 10. Rc1 Bb7 11. cxd5 Nxd5 12. Nxd5 Qxd5 13. Bc4 Qd6 14. O-O Rfd8 15. Qe2 Rac8 16. Rfd1 Qb8 17. Bg5 Bf6 18. Bxf6 exf6 19. Ba2 Qf4 20. d5 Nd4 21. Qe3 Qxe3 22. Rxc8 Nxf3+ 23. gxf3 Qe8 24. Rc7 Rd7 25. d6 Qd8 26. Rdc1 Ba6 27. b4 Rxd6 28. Bxf7+ Kh8 29. b5 Rd1+ 30. Kg2 Rxc1 31. Rxc1 Bxb5 32. Be6 Qe7 33. Bd5 Kg7 34. f4 Bd7 35. Rc7 Qd6 36. Rxa7 Qxd5+ 37. Kg3 Kh6 38. f3 Bc6 39. f5 Qxf3+ 40. Kh4 Qf4# 0-1


[Site "https://www.chess.com"]

[Event "Titled Tuesday Blitz December 13 Late 2022"]
[White "Yuan, Qingyu"]
[Black "Krastev, Alexander"]
[WhiteFideId "8609772"]
[BlackFideId "12989983"]
[WhiteElo "2359"]
[BlackElo "2490"]
[Result "1-0"]
[Round "05"]
[TimeControl "180+1"]
[Date "2022.12.14"]
[WhiteClock "0:00:05"]
[BlackClock "0:00:03"]

1. e4 d5 2. exd5 Qxd5 3. Nc3 Qd6 4. d4 Nf6 5. Nf3 a6 6. g3 Nc6 7. Bf4 Qd8 8. Bg2 Bg4 9. d5 Nb4 10. h3 Bh5 11. O-O Nfxd5 12. Bd2 e6 13. Ne4 Nf6 14. Nxf6+ Qxf6 15. g4 Bg6 16. c3 Bc2 17. Qc1 Be4 18. cxb4 Bxf3 19. Bc3 e5 20. Bxe5 Qxe5 21. Bxf3 O-O-O 22. Qc4 Bd6 23. Rfe1 Qh2+ 24. Kf1 Qxh3+ 25. Bg2 Qh6 26. b5 Qf4 27. Qd5 c6 28. bxc6 Bc7 29. cxb7+ Kb8 30. Qc6 Rd2 31. Bf3 Rhd8 32. Qxa6 Qh2 33. Qa8# 1-0


[Site "https://www.chess.com"]

[Event "Titled Tuesday Blitz December 13 Late 2022"]
[White "Zhu, Jiner"]
[Black "Bernat, David"]
[WhiteFideId "8608059"]
[BlackFideId "2099225"]
[WhiteElo "2384"]
[BlackElo "2302"]
[Result "0-1"]
[Round "05"]
[TimeControl "180+1"]
[Date "2022.12.14"]
[WhiteClock "0:00:14"]
[BlackClock "0:00:03"]

1. g3 c5 2. Bg2 g6 3. f4 Bg7 4. Nf3 Nc6 5. O-O d6 6. d3 e6 7. e4 Nge7 8. Nc3 O-O 9. Be3 Nd4 10. Kh1 Nec6 11. Rb1 Rb8 12. Ne2 Nxf3 13. Bxf3 Nd4 14. Bg2 b5 15. c3 Nxe2 16. Qxe2 b4 17. d4 bxc3 18. bxc3 Rxb1 19. Rxb1 Qa5 20. Qc2 cxd4 21. cxd4 Ba6 22. h3 Rc8 23. Qf2 Bd3 24. Rb3 Bc4 25. Rb2 d5 26. e5 Bf8 27. g4 Ba3 28. Rc2 Rb8 29. Kh2 Bd3 30. Rd2 Bc4 31. f5 Bc1 32. Rc2 Bxe3 33. Qxe3 Rb1 34. f6 Qb4 35. a3 Rb3 36. Rb2 Qxa3 37. Rxb3 Bxb3 38. Bf1 a5 39. Bb5 Qb2+ 40. Kg3 Qb1 41. Be2 Qe1+ 42. Kf3 Bc4 43. Bxc4 Qxe3+ 44. Kxe3 dxc4 45. Kd2 a4 46. Kc2 a3 47. Kc3 Kf8 48. g5 Ke8 49. h4 Kd7 50. Kc2 Kc6 51. Kd2 Kd5 52. Kc3 a2 53. Kb2 Kxd4 0-1


[Site "https://www.chess.com"]

[Event "Titled Tuesday Blitz December 13 Late 2022"]
[White "Abdrlauf, Elham"]
[Black "Xiong, Jeffery"]
[WhiteFideId "1533533"]
[BlackFideId "2047640"]
[WhiteElo "2454"]
[BlackElo "2726"]
[Result "0-1"]
[Round "06"]
[TimeControl "180+1"]
[Date "2022.12.13"]
[WhiteClock "0:00:02"]
[BlackClock "0:01:18"]

1. e4 c6 2. d4 d5 3. Nc3 dxe4 4. Nxe4 Nf6 5. Nxf6+ exf6 6. Bd3 Qxd4 7. Nf3 Qb6 8. O-O Be6 9. Re1 Nd7 10. Nd4 Ne5 11. Nxe6 fxe6 12. Rxe5 fxe5 13. Qh5+ Kd7 14. Qf7+ Be7 15. Bg5 Rae8 16. Rd1 Rhf8 17. Bf5+ Kc7 18. Qxe6 Bc5 19. Qd7+ Kb8 20. Kh1 h6 21. Bh4 g5 22. Bg3 Rd8 23. Bxe5+ Ka8 0-1


[Site "https://www.chess.com"]

[Event "Titled Tuesday Blitz December 13 Late 2022"]
[White "Adel, Sara"]
[Black "Figorito, Nick"]
[WhiteFideId "10616764"]
[BlackFideId "30923689"]
[WhiteElo "1997"]
[BlackElo "2429"]
[Result "0-1"]
[Round "06"]
[TimeControl "180+1"]
[Date "2022.12.14"]
[WhiteClock "0:00:15"]
[BlackClock "0:00:22"]

1. e4 e6 2. d4 d5 3. Nd2 Nf6 4. e5 Nfd7 5. Bd3 c5 6. c3 Nc6 7. Ne2 cxd4 8. cxd4 f6 9. Nf3 fxe5 10. dxe5 Ndxe5 11. Ned4 Bb4+ 12. Kf1 Nxd3 13. Qxd3 O-O 14. Bg5 Qb6 15. Nxc6 bxc6 16. Kg1 e5 17. Be3 e4 18. Qc2 Qc7 19. Nd4 c5 20. a3 Qf7 21. Nc6 d4 22. Bg5 d3 23. Qd1 Qxf2# 0-1


[Site "https://www.chess.com"]

[Event "Titled Tuesday Blitz December 13 Late 2022"]
[White "Ankerst, Mihael"]
[Black "Radovanovic, Dusan"]
[WhiteFideId "14602369"]
[BlackFideId "926868"]
[WhiteElo "2343"]
[BlackElo "2337"]
[Result "1-0"]
[Round "06"]
[TimeControl "180+1"]
[Date "2022.12.14"]
[WhiteClock "0:01:28"]
[BlackClock "0:01:01"]

1. e4 c5 2. Nf3 d6 3. d4 cxd4 4. Nxd4 Nf6 5. Nc3 g6 6. f4 Nc6 7. Nxc6 bxc6 8. e5 Nd7 9. Bc4 Nb6 10. Bd3 Bg7 11. O-O O-O 12. Kh1 dxe5 13. f5 Nd5 14. Qf3 Nxc3 15. bxc3 Qa5 16. Bg5 Qc5 17. Rab1 gxf5 18. Bxf5 e6 19. Be4 Ba6 20. Bf6 Kh8 21. Bxg7+ Kxg7 22. Qf6+ 1-0


[Site "https://www.chess.com"]

[Event "Titled Tuesday Blitz December 13 Late 2022"]
[White "Ansh M Shah"]
[Black "Bulgurlu, Okan"]
[WhiteFideId "25033379"]
[BlackFideId "6352316"]
[WhiteElo "2084"]
[BlackElo "2222"]
[Result "1-0"]
[Round "06"]
[TimeControl "180+1"]
[Date "2022.12.14"]
[WhiteClock "0:00:10"]
[BlackClock "0:00:06"]

1. d4 f5 2. c4 Nf6 3. g3 g6 4. Bg2 Bg7 5. Nf3 O-O 6. Nc3 d6 7. h4 c6 8. Bd2 Qe8 9. Qc1 e5 10. Bh6 Bxh6 11. Qxh6 e4 12. Nd2 Ng4 13. Qf4 e3 14. fxe3 Nxe3 15. Kf2 Ng4+ 16. Kg1 Nd7 17. Bf3 Ndf6 18. Nf1 Nh5 19. Qxd6 f4 20. Ne4 Bf5 21. Nf2 Rd8 22. Qc5 fxg3 23. Nxg4 Bxg4 24. Bxg4 Qe4 25. Bxh5 Rf5 26. Bf3 g2 27. Bxe4 gxh1=Q+ 28. Kxh1 Rxc5 29. dxc5 Re8 30. Bf3 Re5 31. Rd1 Rxc5 32. b3 Re5 33. Kg2 h5 34. Ng3 g5 35. hxg5 Rxg5 36. Bxh5 Kg7 37. Bf3 Kh6 38. Rd7 Kg6 39. Rxb7 Ra5 40. a4 c5 41. Rb5 Kf6 42. Rxa5 a6 43. Rxc5 1-0


[Site "https://www.chess.com"]

[Event "Titled Tuesday Blitz December 13 Late 2022"]
[White "Antonova, Nadezhda"]
[Black "D`Arruda, Ricardo D."]
[WhiteFideId "14700182"]
[BlackFideId "100692"]
[WhiteElo "1814"]
[BlackElo "2411"]
[Result "1/2-1/2"]
[Round "06"]
[TimeControl "180+1"]
[Date "2022.12.14"]
[WhiteClock "0:01:42"]
[BlackClock "0:01:31"]

1. Nf3 d5 2. b3 Nf6 3. Bb2 c5 4. e3 Nc6 5. Bb5 Bd7 6. Bxc6 Bxc6 7. Ne5 Qc7 8. O-O g6 9. d3 Bg7 10. f4 O-O 11. Nd2 Rad8 12. Qe2 Nd7 13. Nxd7 Bxb2 14. Nxf8 Bxa1 15. Rxa1 Kxf8 16. Re1 e5 17. fxe5 Qxe5 18. Qf2 Kg7 19. e4 dxe4 20. Nxe4 Bxe4 21. dxe4 Rd4 22. Qe3 b6 23. a4 h6 24. h3 Rd6 25. Qf2 Rf6 26. Qd2 Rd6 27. Qf2 Qd4 28. Re2 Qe5 29. Re1 1/2-1/2


[Site "https://www.chess.com"]

[Event "Titled Tuesday Blitz December 13 Late 2022"]
[White "Averjanov, Alexey"]
[Black "Rosenberg, Evan S"]
[WhiteFideId "14109867"]
[BlackFideId "2019299"]
[WhiteElo "2634"]
[BlackElo "2423"]
[Result "0-1"]
[Round "06"]
[TimeControl "180+1"]
[Date "2022.12.14"]
[WhiteClock "0:00:46"]
[BlackClock "0:00:06"]

1. d4 d5 2. c4 e6 3. Nf3 c5 4. dxc5 Bxc5 5. e3 Nf6 6. a3 O-O 7. b4 Be7 8. Bb2 a6 9. Nbd2 Nc6 10. Rc1 Bd7 11. Be2 Rc8 12. O-O Bd6 13. Qb3 Bb8 14. Rfd1 Qe7 15. h3 dxc4 16. Nxc4 e5 17. Nb6 Rcd8 18. Nxd7 Rxd7 19. Bxa6 Rxd1+ 20. Qxd1 Nxb4 21. Bxb7 Qxb7 22. axb4 Qxb4 23. Bxe5 Bxe5 24. Nxe5 h6 25. Rc7 Qa5 26. Qd6 Ne8 27. Qxf8+ Kxf8 28. Rxf7+ Kg8 29. Re7 Nf6 30. Nf3 Qc5 31. Re5 Qc1+ 32. Kh2 Qc7 33. Kg1 Nd7 34. Rd5 Nb6 35. Rd1 Nc4 36. Nd4 Nb2 37. Rb1 Qc3 38. Ra1 Nd3 39. Rf1 Qd2 40. Nf3 Qe2 41. Nd4 Qb2 42. Nf5 Kh7 43. Nd4 h5 44. Nf3 Kh6 45. Nd4 g5 46. Nf5+ Kg6 47. Nd4 g4 48. hxg4 hxg4 49. g3 Ne5 50. Kg2 Qb7+ 51. Kg1 Nf3+ 52. Nxf3 gxf3 53. Rd1 Qh7 54. Kf1 Qh1# 0-1


[Site "https://www.chess.com"]

[Event "Titled Tuesday Blitz December 13 Late 2022"]
[White "Ballester Llagaria, Luis Eduardo"]
[Black "Forgacs, Attila Jr."]
[WhiteFideId "2297620"]
[BlackFideId "773654"]
[WhiteElo "2344"]
[BlackElo "2168"]
[Result "0-1"]
[Round "06"]
[TimeControl "180+1"]
[Date "2022.12.14"]
[WhiteClock "0:00:47"]
[BlackClock "0:02:05"]

1. e4 e5 2. Nf3 Nc6 3. Bc4 Nf6 4. d4 exd4 5. e5 d5 6. Bb5 Ne4 7. Nxd4 Bd7 8. Bxc6 bxc6 9. O-O Bc5 10. Be3 Qe7 11. f3 Nd6 12. f4 Nf5 13. Bf2 Bxd4 14. Bxd4 c5 15. Bf2 d4 16. Nd2 Bc6 17. Qe2 Qe6 18. Ne4 Qd5 19. Rae1 Ne3 20. Bxe3 Qxe4 21. Qg4 dxe3 22. Qxg7 O-O-O 23. Rf3 Rhg8 0-1


[Site "https://www.chess.com"]

[Event "Titled Tuesday Blitz December 13 Late 2022"]
[White "Banzea, Alexandru-Bogdan"]
[Black "Bryant, Todd"]
[WhiteFideId "1232622"]
[BlackFideId "2031299"]
[WhiteElo "2294"]
[BlackElo "2333"]
[Result "1-0"]
[Round "06"]
[TimeControl "180+1"]
[Date "2022.12.14"]
[WhiteClock "0:00:55"]
[BlackClock "0:00:07"]

1. d4 Nf6 2. Bf4 g6 3. Nc3 d5 4. e3 Bg7 5. h4 h5 6. Nf3 O-O 7. Ne5 c5 8. dxc5 Nbd7 9. Nxd7 Bxd7 10. Be5 Qa5 11. Qd4 Rac8 12. b4 Qa3 13. Bb5 Bxb5 14. Nxb5 Qa4 15. Nc3 Qxc2 16. O-O Rfd8 17. Rac1 Qf5 18. Rfd1 e6 19. e4 dxe4 20. Qxd8+ Rxd8 21. Rxd8+ Kh7 22. Bg3 Nd5 23. Nxd5 exd5 24. b5 Bd4 25. c6 bxc6 26. bxc6 Bb6 27. c7 Bxc7 28. Rxc7 e3 29. fxe3 Kg7 30. Rdd7 Qb1+ 31. Kh2 Kh6 32. Rxf7 g5 33. Rc6+ 1-0


[Site "https://www.chess.com"]

[Event "Titled Tuesday Blitz December 13 Late 2022"]
[White "Bernat, David"]
[Black "Kaplan, Avi Harrison"]
[WhiteFideId "2099225"]
[BlackFideId "30934559"]
[WhiteElo "2316"]
[BlackElo "1983"]
[Result "0-1"]
[Round "06"]
[TimeControl "180+1"]
[Date "2022.12.14"]
[WhiteClock "0:00:02"]
[BlackClock "0:00:45"]

1. c4 c5 2. Nc3 Nc6 3. g3 e5 4. Bg2 d6 5. d3 f5 6. e4 Nf6 7. Nge2 Be7 8. O-O h6 9. exf5 Bxf5 10. f4 Bh7 11. fxe5 dxe5 12. Nd5 O-O 13. Nec3 Nxd5 14. Nxd5 Nb4 15. Bd2 Nxd3 16. Qg4 Qd6 17. Bxh6 Qxh6 18. Nxe7+ Kh8 19. Nd5 Nxb2 20. Rab1 Bxb1 21. Rxb1 Nd3 22. Be4 Nf2 23. Qg6 Nh3+ 24. Kh1 Nf2+ 25. Kg2 Nxe4 26. Qxe4 Qd2+ 27. Kh3 Rf2 28. Qh4+ Kg8 0-1


[Site "https://www.chess.com"]

[Event "Titled Tuesday Blitz December 13 Late 2022"]
[White "Bjelobrk, Igor"]
[Black "Mieles Palau, Daniel"]
[WhiteFideId "4300726"]
[BlackFideId "3600467"]
[WhiteElo "2713"]
[BlackElo "2521"]
[Result "1-0"]
[Round "06"]
[TimeControl "180+1"]
[Date "2022.12.14"]
[WhiteClock "0:00:49"]
[BlackClock "0:00:01"]

1. Nf3 c5 2. c4 g6 3. d4 cxd4 4. Nxd4 Bg7 5. e4 Nc6 6. Be3 Qb6 7. Nb3 Qc7 8. Qd2 Nf6 9. f3 Ne5 10. Na3 O-O 11. Be2 d6 12. O-O a6 13. Rac1 Be6 14. c5 Bxb3 15. cxd6 Qxd6 16. Qxd6 exd6 17. axb3 Rfc8 18. Rfd1 Rxc1 19. Rxc1 d5 20. exd5 Nxd5 21. Bf2 Nc6 22. Nc4 Nd4 23. Bd1 Rc8 24. Rb1 Nf4 25. Kf1 Nd3 26. Bg1 Ne6 27. Be2 Nb4 28. Nd6 Rc7 29. Ne8 Rc2 30. Nxg7 Kxg7 31. Bd1 Rd2 32. Be3 Rd3 33. Ke2 Rd7 34. Rc1 Nc6 35. Kf2 Ned4 36. g4 h6 37. f4 f5 38. h3 fxg4 39. hxg4 1-0


[Site "https://www.chess.com"]

[Event "Titled Tuesday Blitz December 13 Late 2022"]
[White "Bluebaum, Matthias"]
[Black "Rustemov, Alexander"]
[WhiteFideId "24651516"]
[BlackFideId "4119002"]
[WhiteElo "2634"]
[BlackElo "2776"]
[Result "1-0"]
[Round "06"]
[TimeControl "180+1"]
[Date "2022.12.13"]
[WhiteClock "0:00:51"]
[BlackClock "0:00:24"]

1. d4 d5 2. c4 c6 3. Nf3 Nf6 4. Nc3 a6 5. Qc2 g6 6. e4 dxe4 7. Nxe4 Nxe4 8. Qxe4 Bg7 9. Be2 O-O 10. O-O Nd7 11. Qh4 e5 12. Bg5 f6 13. Be3 g5 14. Qg3 e4 15. Nd2 Qe7 16. Rae1 h6 17. f4 exf3 18. Qxf3 f5 19. Bd3 Qb4 20. Bxf5 Nf6 21. b3 Bxf5 22. Qxf5 Rae8 23. Qd3 Ng4 24. Rxf8+ Rxf8 25. h3 Nxe3 26. Rxe3 Qd6 27. Nf3 Rd8 28. Re4 Qg3 29. Qe3 Rf8 30. Re8 Rxe8 31. Qxe8+ Kh7 32. Qe4+ Kg8 33. Qe6+ Kh7 34. Qf5+ Kg8 35. Qc8+ Kh7 36. Qxb7 h5 37. Qxc6 g4 38. Ng5+ Kg8 39. Qe6+ Kh8 40. Qe8+ 1-0


[Site "https://www.chess.com"]

[Event "Titled Tuesday Blitz December 13 Late 2022"]
[White "Bogaudinov, Rushan"]
[Black "Toncheva, Nadya"]
[WhiteFideId "4129288"]
[BlackFideId "2924056"]
[WhiteElo "2028"]
[BlackElo "2101"]
[Result "0-1"]
[Round "06"]
[TimeControl "180+1"]
[Date "2022.12.14"]
[WhiteClock "0:00:08"]
[BlackClock "0:00:24"]

1. a3 e5 2. e3 c5 3. d4 exd4 4. exd4 Nf6 5. Nf3 d5 6. Bb5+ Nc6 7. O-O Be7 8. dxc5 O-O 9. b4 Bg4 10. Be2 Ne4 11. Bb2 Bf6 12. c3 Re8 13. h3 Bh5 14. Re1 a6 15. Nd4 Bg6 16. Bf3 Qc7 17. Bxe4 dxe4 18. Nd2 Rad8 19. N2b3 Ne5 20. Qe2 Nd3 21. Red1 Bh4 22. Rf1 Rd5 23. Bc1 Bg5 24. Bxg5 Rxg5 25. Qe3 Nf4 26. g4 h5 27. Qg3 hxg4 28. hxg4 Bh5 29. f3 exf3 30. Qxf3 Rxg4+ 31. Kf2 Nd3+ 32. Qxd3 Qh2+ 33. Kf3 Rf4# 0-1


[Site "https://www.chess.com"]

[Event "Titled Tuesday Blitz December 13 Late 2022"]
[White "Boros, Denes"]
[Black "Hamley, Ryan"]
[WhiteFideId "722340"]
[BlackFideId "30959497"]
[WhiteElo "2464"]
[BlackElo "2607"]
[Result "1-0"]
[Round "06"]
[TimeControl "180+1"]
[Date "2022.12.13"]
[WhiteClock "0:01:17"]
[BlackClock "0:00:30"]

1. d4 Nf6 2. Nc3 d5 3. Bg5 g6 4. Qd2 Bg7 5. O-O-O h6 6. Bxf6 Bxf6 7. e4 dxe4 8. Nxe4 Bg7 9. Bc4 O-O 10. h4 Nc6 11. Nf3 Bg4 12. c3 a6 13. Qf4 Qd7 14. Rde1 b5 15. Bb3 Na5 16. Nc5 Nxb3+ 17. axb3 Qc8 18. Rxe7 Bf5 19. Rg1 Re8 20. Rxe8+ Qxe8 21. g4 Be6 22. Re1 Qc6 23. Nxe6 fxe6 24. Ne5 Bxe5 25. Qxe5 Kf7 26. g5 hxg5 27. hxg5 Re8 28. Qf6+ Kg8 29. Qxg6+ Kf8 30. Qf6+ Kg8 31. g6 Rf8 32. Qe7 1-0


[Site "https://www.chess.com"]

[Event "Titled Tuesday Blitz December 13 Late 2022"]
[White "Bortnyk, Mykola"]
[Black "Annaberdiyev, Babageldi"]
[WhiteFideId "14120836"]
[BlackFideId "14000385"]
[WhiteElo "2582"]
[BlackElo "2332"]
[Result "0-1"]
[Round "06"]
[TimeControl "180+1"]
[Date "2022.12.13"]
[WhiteClock "0:00:08"]
[BlackClock "0:00:15"]

1. e4 e6 2. d4 d5 3. Nc3 Nf6 4. e5 Nfd7 5. Nf3 c5 6. dxc5 Bxc5 7. Bd3 Nc6 8. Bf4 a6 9. O-O h6 10. Bg3 Be7 11. Re1 b5 12. a3 Bb7 13. Nd2 O-O 14. Qh5 Nc5 15. Bf4 Nxd3 16. cxd3 Nd4 17. Re3 g6 18. Qd1 g5 19. Rh3 gxf4 20. Qg4+ Kh7 21. Qxf4 Nf5 22. Nf3 Rg8 23. Kh1 Bg5 24. Qg4 Rg6 25. Qh5 Qe7 26. Ne2 Rag8 27. d4 f6 28. exf6 Bxf6 29. Nf4 Rg4 30. g3 Rxf4 31. gxf4 Bxd4 32. Nxd4 Qg7 33. Qf3 Nxd4 34. Qd3+ Nf5 35. Rg3 Qxb2 36. Re1 Rxg3 37. hxg3 d4+ 38. f3 Qf2 39. Rf1 Bxf3+ 40. Qxf3 Nxg3+ 0-1


[Site "https://www.chess.com"]

[Event "Titled Tuesday Blitz December 13 Late 2022"]
[White "Boruchovsky, Avital"]
[Black "Richter, Paul"]
[WhiteFideId "2800055"]
[BlackFideId "2046350"]
[WhiteElo "2450"]
[BlackElo "2595"]
[Result "1-0"]
[Round "06"]
[TimeControl "180+1"]
[Date "2022.12.13"]
[WhiteClock "0:00:18"]
[BlackClock "0:00:01"]

1. Nf3 Nf6 2. c4 g6 3. Nc3 Bg7 4. e4 d6 5. d4 O-O 6. a3 e5 7. d5 Nh5 8. g3 f5 9. Ng5 Bf6 10. Ne6 Bxe6 11. dxe6 Ng7 12. Bh3 Nc6 13. Bh6 Nd4 14. exf5 gxf5 15. Nb5 Ndxe6 16. Bxg7 Nxg7 17. Qd5+ Kh8 18. Qxb7 a6 19. Nc3 Rb8 20. Qxa6 Rxb2 21. O-O e4 22. Nd5 Be5 23. Rab1 Rxb1 24. Rxb1 Ne6 25. Ne3 Nd4 26. Qa7 f4 27. Ng4 fxg3 28. hxg3 Qg5 29. Rb8 Rg8 30. Rxg8+ Qxg8 31. Qxc7 e3 32. Nxe5 exf2+ 33. Kxf2 dxe5 34. Qxe5+ Qg7 35. Qe8+ Qg8 36. Qxg8+ Kxg8 37. a4 Kf8 38. Ke3 Nb3 39. Bf5 h6 40. Bc2 Nc5 41. Kd4 Nb7 42. c5 Ke7 43. c6 Na5 44. Kc5 Kd8 45. Kb5 1-0


[Site "https://www.chess.com"]

[Event "Titled Tuesday Blitz December 13 Late 2022"]
[White "Brown, Andrew"]
[Black "Papp, Levente"]
[WhiteFideId "3206513"]
[BlackFideId "751243"]
[WhiteElo "2245"]
[BlackElo "2380"]
[Result "0-1"]
[Round "06"]
[TimeControl "180+1"]
[Date "2022.12.14"]
[WhiteClock "0:00:01"]
[BlackClock "0:00:04"]

1. d4 e6 2. c4 d5 3. Nc3 Bb4 4. Nf3 Nf6 5. g3 O-O 6. Bg2 dxc4 7. O-O c5 8. a3 Bxc3 9. bxc3 cxd4 10. Nxd4 e5 11. Nb5 Nc6 12. a4 Qxd1 13. Rxd1 Bg4 14. Nd6 Bxe2 15. Re1 Bd3 16. Nxb7 e4 17. Nc5 h6 18. Bf4 Rfe8 19. f3 Nd5 20. fxe4 Nxc3 21. e5 Rac8 22. Nb7 Ne2+ 23. Kf2 Nxe5 24. Bxe5 Rxe5 25. Nd6 Rd8 26. Nb5 Rf5+ 27. Bf3 Be4 28. Rxe2 Bxf3 29. Re3 Bc6+ 30. Kg1 a6 31. Nc3 Rd2 32. Re2 Rd3 33. Nd1 Bf3 34. Rf2 c3 35. Rc1 Rc5 0-1


[Site "https://www.chess.com"]

[Event "Titled Tuesday Blitz December 13 Late 2022"]
[White "Buchenau, Frank"]
[Black "Espinosa, Pedro"]
[WhiteFideId "4604350"]
[BlackFideId "30921066"]
[WhiteElo "2157"]
[BlackElo "2016"]
[Result "1-0"]
[Round "06"]
[TimeControl "180+1"]
[Date "2022.12.14"]
[WhiteClock "0:00:04"]
[BlackClock "0:00:01"]

1. e4 c5 2. Nf3 d6 3. Bb5+ Bd7 4. Bxd7+ Nxd7 5. O-O Ngf6 6. Qe2 e6 7. d4 cxd4 8. Nxd4 Be7 9. c4 O-O 10. b3 a6 11. Bb2 Rc8 12. Nc3 Qa5 13. Rad1 Ne5 14. f4 Nc6 15. Nxc6 Rxc6 16. e5 Nd7 17. Rf3 Qc7 18. Rfd3 Nc5 19. R3d2 dxe5 20. fxe5 Bg5 21. Rd4 Qb6 22. Kh1 h6 23. Ne4 Nxe4 24. Qxe4 Rfc8 25. Rd7 Qf2 26. Bd4 Qxa2 27. Rf1 Rf8 28. Rxb7 Rcc8 29. Ra1 Qd2 30. h4 Rcd8 31. Bc5 Qc3 32. Rf1 Bd2 33. Bxf8 Rxf8 34. Rf3 Qc1+ 35. Kh2 Be1 36. Qe3 Bd2 37. Qe4 Qd1 38. c5 Ba5 39. c6 Qd8 40. Rd3 Qc8 41. Rdd7 Bd8 42. Qf3 f6 43. exf6 Bxf6 44. Qe4 Qa8 45. Ra7 Qc8 46. Qg6 Qe8 47. Rxg7+ Bxg7 48. Qxg7# 1-0


[Site "https://www.chess.com"]

[Event "Titled Tuesday Blitz December 13 Late 2022"]
[White "Chlpik, Martin"]
[Black "Seletsky, Grigory"]
[WhiteFideId "14923351"]
[BlackFideId "14112191"]
[WhiteElo "2109"]
[BlackElo "2492"]
[Result "0-1"]
[Round "06"]
[TimeControl "180+1"]
[Date "2022.12.14"]
[WhiteClock "0:00:48"]
[BlackClock "0:01:22"]

1. d4 c5 2. Nc3 cxd4 3. Qxd4 Nc6 4. Qd2 Nf6 5. b3 e6 6. e4 Bb4 7. Bd3 Qa5 8. Bb2 d5 9. a3 Be7 10. exd5 exd5 11. Nf3 O-O 12. O-O Bg4 13. Qf4 Bxf3 14. Qxf3 Ne5 15. Qg3 Nxd3 16. Qxd3 Rac8 17. Rfe1 Bd6 18. Nb5 Bb8 19. Bxf6 gxf6 20. Nd4 Qc7 21. g3 Rfe8 22. Nf5 Re5 23. Qf3 Kh8 24. Ne7 Qxe7 0-1


[Site "https://www.chess.com"]

[Event "Titled Tuesday Blitz December 13 Late 2022"]
[White "Crevatin, Leo"]
[Black "Firouzja, Alireza"]
[WhiteFideId "1726307"]
[BlackFideId "12573981"]
[WhiteElo "2190"]
[BlackElo "2904"]
[Result "0-1"]
[Round "06"]
[TimeControl "180+1"]
[Date "2022.12.13"]
[WhiteClock "0:00:18"]
[BlackClock "0:01:13"]

1. d4 e6 2. c4 Nf6 3. Nf3 d5 4. g3 Be7 5. Bg2 O-O 6. O-O Nbd7 7. Qc2 c6 8. Nbd2 b6 9. e4 Ba6 10. b3 Rc8 11. Bb2 c5 12. exd5 exd5 13. dxc5 Bxc5 14. Rad1 b5 15. Qf5 bxc4 16. bxc4 Qb6 17. Bc3 dxc4 18. Ng5 h6 19. Nge4 Rfe8 20. Nxc5 Qxc5 21. Qf3 Ne5 22. Bxe5 Qxe5 23. Qa3 Bb5 24. Nf3 Qc5 25. Qxc5 Rxc5 26. Nd4 c3 27. Nxb5 Rxb5 28. Rc1 Rc5 29. Rc2 g5 30. Rfc1 Rec8 31. Rb1 Kg7 32. Rb7 Rd8 33. Rb3 Rd1+ 34. Bf1 Ne4 35. Kg2 Nd2 0-1


[Site "https://www.chess.com"]